 Dungeon Crawl Stone Soup version 0.27-a0-242-ge0fc76b88b (webtiles) character file.

Game seed: 2988616151521046054

114 Borgoz the Ducker (level 4, -2/38 HPs)
             Began as a Ghoul Gladiator on Feb 2, 2021.
             Hit by a boomerang of dispersal thrown by an orc (4 damage)
             ... on level 3 of the Dungeon.
             The game lasted 00:02:20 (2310 turns).

Borgoz the Ducker (Ghoul Gladiator)                 Turns: 2310, Time: 00:02:21

Health: -2/38      AC:  4    Str: 17    XL:     4   Next: 98%
Magic:  3/3        EV: 13    Int:  3    God:
Gold:   156        SH:  0    Dex: 11    Spells: 3/3 levels left

rFire    . . .     SeeInvis .   a - +0 long sword
rCold    + . .     Faith    .   (no shield)
rNeg     + + +     Spirit   .   b - +0 leather armour
rPois    ∞         Reflect  .   c - +0 helmet
rElec    .         Harm     .   (no cloak)
rCorr    .         Rampage  .   (no gloves)
Will     .....                  (no boots)
Stlth    +.........             (no amulet)
HPRegen  0.00/turn              (no ring)
MPRegen  0.08/turn              (no ring)

@: no status effects
A: claws 1, cold resistance 1, negative energy resistance 3, inhibited
regeneration, torment resistance, unbreathing
a: no special abilities


You were on level 3 of the Dungeon.
You visited 1 branch of the dungeon, and saw 3 of its levels.

You collected 156 gold pieces.

Inventory:

Hand Weapons
 a - a +0 long sword (weapon)
Missiles
 d - 3 throwing nets (quivered)
Armour
 b - a +0 leather armour (worn)
 c - a +0 helmet (worn)
Scrolls
 f - 2 scrolls of fog {unknown}
 i - 3 scrolls of identify {unknown}
 l - 6 scrolls of remove curse {unknown}
 m - 2 scrolls of enchant armour {unknown}
Potions
 e - a potion of lignification {unknown}
 g - a potion of degeneration {unknown}
 h - 2 potions of flight {unknown}
 j - a potion of curing {unknown}
 k - 2 potions of haste {unknown}
 n - a potion of heal wounds {unknown}


   Skills:
 + Level 3.3 Fighting
 + Level 3.4 Long Blades
 - Level 1.7 Throwing
 + Level 1.7 Armour
 + Level 3.4 Dodging


You had 3 spell levels left.
You didn't know any spells.
Your spell library was empty.

Dungeon Overview and Level Annotations

Branches:
Dungeon (3/15)

Altars:


Innate Abilities, Weirdness & Mutations

You thrive by killing the living.
You are immune to poison.
You have sharp fingernails.
Your flesh is cold resistant. (rC+)
You are immune to negative energy. (rN+++)
You do not regenerate when monsters are visible.
You are immune to unholy pain and torment.
You can survive without breathing.


Message History

You feel better.
The orc throws a boomerang of dispersal.
The boomerang of dispersal hits you.
You blink.
Found an escape hatch in the floor.
No target in view!
No target in view!
No target in view!
Unknown command.
No target in view!
The orc priest calls down the wrath of Beogh upon you.
Beogh smites you!
Found 6 gold pieces.
The orc throws a boomerang of dispersal.
The boomerang of dispersal closely misses you.
The orc priest calls down the wrath of Beogh upon you.
Beogh smites you!
* * * LOW HITPOINT WARNING * * *
The orc throws a boomerang of dispersal.
The boomerang of dispersal hits you.
You die...

#..# #..### #.o.. ..#.
######...####.# .....
.......)....... .##..#
#oo.# #.# #' .# ..#
#.))####.# ...
.###.#######..[..##.####>..
.#............##@##.......
.#.##..#####..##.......#
.......# #..##.......#
..#..#.## #..##.......#
.....#..# #..##.##....#
.<...#..####..##$#######
######....)...##.#
.......#.##....#.#
########.......#.


You could see an orc priest and an orc.

Vanquished Creatures
  6 adders
  3 dart slugs
  2 leopard geckos (D:3)
  3 orcs (D:3)
  4 ball pythons
  3 bats
  2 giant cockroaches
  6 hobgoblins
  A quokka (D:2)
  3 frilled lizards
  5 goblins
  6 kobolds
  8 rats
52 creatures vanquished.

Notes
Turn   | Place    | Note
-------+----------+-------------------------------------------
     0 | D:1      | Borgoz the Ghoul Gladiator began the quest for the Orb.
     0 | D:1      | Reached XP level 1. HP: 17/17 MP: 0/0
   128 | D:1      | Reached XP level 2. HP: 22/25 MP: 1/1
   804 | D:2      | Reached XP level 3. HP: 19/30 MP: 2/2
   935 | D:2      | Reached skill level 1 in Armour
  1589 | D:2      | Reached XP level 4. HP: 38/38 MP: 3/3
  2310 | D:3      | Hit by a boomerang of dispersal thrown by an orc

Illustrated notes

Levels and vault maps discovered:
D:1:      tarquinn_simple_flora_water_f, layout_basic
D:2:      minmay_chambers_of_ones, layout_basic
D:3:      layout_basic

Skill      XL: |  1  2  3 |
---------------+----------+-----
Long Blades    | 3 |  3.4
Dodging        | 3 |  3.4
Armour         | 1 |  1.7
Fighting       | 3 |  3.3
Throwing       | |  1.7

Action                   |  1- 3 |  4- 6 || total
-------------------------+-------+-------++-------
Melee: Long sword        |    85 |    66 ||   151
Armor: Leather armour    |    24 |    26 ||    50
Dodge: Dodged            |    70 |    62 ||   132
       Rpst.: Long sword |    22 |    18 ||    40

Table legend: (Time is in decaauts)
 A = Elapsed time spent in this place.
 B = Non-inter-level travel time spent in this place.
 C = Inter-level travel time spent in this place.
 D = Time resting spent in this place.
 E = Time spent auto-exploring this place.
 F = Levels seen in this place.
 G = Mean time per level.
                   A        B        C        D        E       F      G
               +--------+--------+--------+--------+--------+-----+--------+
         Total |   2347 |   2202 |    145 |    190 |   1674 |   3 |  782.3 |
       Dungeon |   2347 |   2202 |    145 |    190 |   1674 |   3 |  782.3 |
               +--------+--------+--------+--------+--------+-----+--------+

Top non-repeatable levels by time:
     D:2: 1337 daAuts
     D:1: 801 daAuts
     D:3: 208 daAuts
